 Dungeon Crawl Stone Soup version 0.29.0-11-gd7f09526c8 (webtiles) character file.

Game seed: 9033251099647172160

166124 ketsa the Executioner (level 17, -15/244 HPs)
             Began as a Minotaur Berserker on Sept 2, 2022.
             Was a High Priest of Trog.
             Killed from afar by Asterion (53 damage)
             ... with an iron shot
             ... on level 3 of the Spider Nest.
             The game lasted 02:07:16 (43125 turns).

ketsa the Executioner (Minotaur Berserker)         Turns: 43125, Time: 02:07:17

Health: -15/244    AC: 19    Str: 28    XL:     17   Next: 29%
Magic:  16/16      EV: 15    Int: 10    God:    Trog [*****.]
Gold:   2506       SH: 19    Dex: 19    Spells: 16/16 levels left

rFire   + . .      SeeInvis .   V - +7 whip of Suicidal Tendencies {freeze, rElec Dex+3}
rCold   . . .      Faith    .   R - +2 kite shield
rNeg    + . .      Spirit   .   Q - +0 acid dragon scales
rPois   +          Reflect  +   N - +1 hat {Int+3}
rElec   +          Harm     .   k - +1 cloak
rCorr   +          Rampage  .   L - +1 pair of gloves
Will    ++++.                   D - +0 pair of boots
Stlth   ..........              I - amulet of Fyvimme {Reflect rF+ Int+5 Slay+6 SH+5}
HPRegen 1.50/turn               U - ring "Olled" {rPois rN+ Int-2 Dex+4}
MPRegen 0.15/turn               M - ring of willpower

@: berserking (expiring), strong-willed, regenerating, very quick
A: horns 2, retaliatory headbutt
a: Renounce Religion, Berserk, Trog's Hand, Brothers in Arms


You were on level 3 of the Spider Nest.
You worshipped Trog.
Trog was extremely pleased with you.
You visited 7 branches of the dungeon, and saw 29 of its levels.

You collected 2772 gold pieces.
You spent 266 gold pieces at shops.

Inventory:

Hand Weapons
 p - a +3 broad axe
 r - a +1 arbalest of freezing
 s - the +6 hand axe of Foolhardiness {antimagic, Dex+6}
   (Trog gifted it to you on level 2 of the Orcish Mines)

   It reduces the magical energy of the wielder, and disrupts the spells and
   magical abilities of those it strikes.
   Natural abilities and divine invocations are not affected.
   Dex:       It affects your dexterity (+6).
 C - a +3 vorpal executioner's axe
 V - the +7 whip of Suicidal Tendencies (weapon) {freeze, rElec Dex+3}
   (You found it on level 11 of the Dungeon)

   It freezes those it strikes, dealing additional cold damage.
   It can also slow down cold-blooded creatures.
   Dex:       It affects your dexterity (+3).
   rElec:     It insulates you from electricity.
Missiles
 z - 62 poisoned darts (quivered)
 F - 3 throwing nets
Armour
 k - a +1 cloak (worn)
 D - a +0 pair of boots (worn)
 L - a +1 pair of gloves (worn)
 N - a +1 hat of intelligence (worn)
 Q - +0 acid dragon scales (worn)
 R - a +2 kite shield (worn)
Jewellery
 f - a +4 ring of protection
 h - a ring of magical power
 y - an amulet of the acrobat
 B - a ring of poison resistance
 I - the amulet of Fyvimme (around neck) {Reflect rF+ Int+5 Slay+6 SH+5}
   (You acquired it on level 3 of the Lair of Beasts)

   [amulet of reflection]

   It reflects blocked missile attacks.
   Int:       It affects your intelligence (+5).
   Slay:      It affects your accuracy & damage with ranged weapons and melee
   (+6).
   rF:        It protects you from fire.
   SH:        It affects your SH (+5).
 M - a ring of willpower (right hand)
 S - a ring of ice
 U - the ring "Olled" (left hand) {rPois rN+ Int-2 Dex+4}
   (You found it on level 11 of the Dungeon)

   [ring of poison resistance]

   Int:       It affects your intelligence (-2).
   Dex:       It affects your dexterity (+4).
   rPois:     It protects you from poison.
   rN:        It protects you from negative energy.
 X - a ring of flight
Wands
 e - a wand of flame (34)
 o - a wand of quicksilver (6)
 q - a wand of paralysis (28)
 w - a wand of polymorph (2)
 x - a wand of roots (27)
 T - a wand of mindburst (10)
Scrolls
 b - a scroll of silence
 c - 6 scrolls of enchant armour
 d - 5 scrolls of vulnerability
 j - 3 scrolls of magic mapping
 u - a scroll of blinking
 v - 3 scrolls of fear
 A - 8 scrolls of teleportation
 G - 3 scrolls of fog
 J - 2 scrolls of brand weapon
 O - 6 scrolls of enchant weapon
 Z - a scroll of poison
Potions
 a - 5 potions of curing
 g - 3 potions of lignification
 i - 2 potions of cancellation
 l - 2 potions of attraction
 n - a potion of invisibility
 t - 6 potions of berserk rage
 E - 5 potions of flight
 K - 2 potions of mutation
 P - a potion of might
 Y - 2 potions of ambrosia
Miscellaneous
 m - a lightning rod (4/4)
 H - a box of beasts
 W - a phial of floods


   Skills:
 + Level 17.9 Fighting
 - Level 21.6(21.7) Axes
 - Level 3.0(14.6) Maces & Flails
 - Level 5.7 Throwing
 + Level 17.8 Armour
 + Level 7.8 Dodging
 + Level 9.7 Shields
 - Level 9.4 Evocations


You had 16 spell levels left.
You didn't know any spells.
Your spell library contained the following spells:

 Spells                   Type           Power      Damage    Failure   Level
 Apportation              Tloc           0%         N/A       67%         1
 Necrotise                Necr           0%         1d4       67%         1
 Sandblast                Erth           0%         2d4       67%         1
 Slow                     Hex            0%         N/A       67%         1
 Summon Small Mammal      Summ           0%         N/A       67%         1
 Blink                    Tloc           0%         N/A       82%         2
 Ensorcelled Hibernation  Hex/Ice        0%         N/A       82%         2
 Passwall                 Tmut/Erth      0%         N/A       82%         2
 Confusing Touch          Hex            0%         N/A       96%         3
 Lesser Beckoning         Tloc           0%         N/A       96%         3
 Stone Arrow              Conj/Erth      0%         3d7       96%         3
 Swiftness                Air            0%         N/A       96%         3
 Vampiric Draining        Necr           0%         2d6       96%         3
 Animate Dead             Necr           0%         N/A       100%        4
 Fulminant Prism          Conj/Hex       0%         3d6       100%        4
 Iskenderun's Mystic Bla  Conj/Tloc      0%         2d3       100%        4
 Alistair's Intoxication  Tmut/Pois      0%         N/A       100%        5
 Borgnjor's Vile Clutch   Necr/Erth      0%         N/A       100%        5
 Fireball                 Conj/Fire      0%         3d3       100%        5
 Lee's Rapid Deconstruct  Erth           0%         3d5*      100%        5
 Manifold Assault         Tloc           0%         N/A       100%        5
 Dispersal                Tloc           0%         N/A       100%        6
 Eringya's Noxious Bog    Tmut/Pois      0%         N/A       100%        6
 Starburst                Conj/Fire      0%         6d3       100%        6
 Haunt                    Necr/Summ      0%         N/A       100%        7
 Malign Gateway           Summ/Tloc      0%         N/A       100%        7
 Disjunction              Tloc           0%         N/A       100%        8
 Ignition                 Fire           0%         3d3       100%        8
 Infestation              Necr           0%         N/A       100%        8
 Summon Horrible Things   Summ           0%         N/A       100%        8


Dungeon Overview and Level Annotations

Branches:
Dungeon (15/15)            Temple (0/1) D:6            Lair (5/5) D:9
 Shoals (2/4) Lair:2       Spider (3/4) Lair:3          Orc (2/2) D:9
    Elf (1/3) Orc:2        Vaults (0/5) D:14         Depths (1/4) D:15
  Slime: Lair:4-5

Altars:
Cheibriados
Hepliaklqana
Kikubaaqudgha
Nemelex Xobeh
Trog
Uskayaw
Vehumet
Wu Jian
Xom
Zin
The Shining One
Jiyva

Shops:
D:6 !   D:11 :   D:12 *   Orc:2 ((!:

Annotations:
D:4 Pikel
D:5 2 transporters, exclusion: downstairs
Lair:1 1 exclusion
Lair:4 exclusion: 4 oklob plants
Shoals:1 3 runed translucent doors
Spider:3 Asterion
Elf:1 1 runed translucent door


Innate Abilities, Weirdness & Mutations

You have a pair of horns on your head.
You reflexively headbutt those who attack you in melee.


Message History

You feel yourself moving faster!
You feel mighty! Something hits you!! Something gores you but does no damage.
Something closely misses you. Something gores you.
Something blocks your attack. Something blocks your attack.
Something hits you!! Something gores you. Something blocks your attack.
You headbutt something!
You hear some strange, mumbled prayers to Makhleb.
Something blocks your attack.
Your headbutt misses something.
Your iron troll bites the green death!
Your iron troll claws the green death!
Your iron troll claws the green death.
Something blocks your attack. Something hits you!!!
* * * LOW HITPOINT WARNING * * *
Something closely misses you.
You whack something! You freeze something.
The green death hits your iron troll! Something blocks your attack.
You headbutt something. Something hits you!
* * * LOW HITPOINT WARNING * * *
Something gores you but does no damage.
Your iron troll bites the green death!!!
Your iron troll claws the green death!!
The green death dies!
The green death disappears in a puff of smoke!
Something blocks your attack.
Your headbutt misses something. Something hits you!
* * * LOW HITPOINT WARNING * * *
Something gores you but does no damage.
You thrash something!! You freeze something! Something blocks your attack. x2
You hear some strange, mumbled prayers to Makhleb.
Something blocks your attack. x2
Your iron troll closely misses the blizzard demon.
Your iron troll claws the blizzard demon but does no damage.
Your iron troll claws the blizzard demon!!
Something blocks your attack.
You headbutt something! You block something's attack. x2
You thrash something!! You freeze something!
You hear something call down the wrath of Makhleb upon you.
An iron shot appears from out of thin air!
The iron shot hits you!!!
You die...

#.#.....##.# ...##
#.#....###.#. #....##
##...### #.^..##
.<.$^.# #.#####..#.
#..#ss.^... #..##^.#
#. ##*....... ###..#
#.###.#......# ##.#
##...##.......
#####.# ##..T{#
#^..##.
#.....####...2@##
^.##
######.##.#####.###.#
##..###.....# .#
####..^.....##.
.........##
.......### .....(#
..^... ..#### ....


You could see a blizzard demon (summoned, ally target) and a friendly iron troll
(summoned, berserk).

Vanquished Creatures
  Gastronok (D:8)
  A deep elf elementalist (Elf:1)
  Nessos (D:12)
  A stone giant (Depths:1)
  Azrael (D:13)
  A spark wasp (Spider:1)
  Snorg (D:14)
  Josephine (D:15)
  A deep elf death mage (Elf:1)
  A fire dragon (Depths:1)
  A yaktaur captain (D:14)
  2 merfolk impalers
  Harold (Lair:2)
  6 boulder beetles
  A merfolk avatar (Shoals:1)
  3 ogre magi (Orc:2)
  An ice dragon (Depths:1)
  A rakshasa (D:15)
  A radroach (Spider:2)
  Erica (D:10)
  10 centaur warriors
  7 hydras
  6 two-headed ogres
  A catoblepas (Lair:5)
  A dancing weapon (Elf:1)
  11 death yaks
  A merfolk aquamancer (Shoals:2)
  Urug (D:9)
  An orc high priest (Orc:1)
  A deep elf knight (Elf:1)
  4 pharaoh ants
  5 skeletal warriors (D:15)
  4 sea snakes (Shoals:2)
  Nergalle (Orc:2)
  A glowing orange brain (shapeshifter) (Elf:1)
  2 orb spiders
  A steelbarb worm (Spider:1)
  2 deep elf archers (Elf:1)
  A harpy (shapeshifter) (D:14)
  16 harpies
  2 orc knights
  11 ugly things
  5 deep elf zephyrmancers (Elf:1)
  A necromancer (D:15)
  11 orc sorcerers
  6 deep elf pyromancers
  6 manticores
  10 wolf spiders
  9 fauns
  12 elephants
  5 cyclopes
  2 merfolk sirens
  2 moths of wrath
  Joseph (D:8)
  2 naga magi (D:15)
  4 black mambas
  A black mamba (shapeshifter) (Elf:1)
  An orange demon (D:8)
  A molten gargoyle (D:13)
  15 cane toads
  3 torpor snails
  2 centaur skeletons (D:15)
  A freezing wraith (D:15)
  5 demonic crawlers
  A rime drake (Lair:4)
  2 komodo dragons
  2 yaktaurs (D:14)
  10 merfolk
  3 meliai (Spider:1)
  2 wind drakes
  14 trolls
  11 tarantellas
  20 slime creatures
  4 hornets (Lair:5)
  3 polar bears (Lair:5)
  17 blink frogs
  Prince Ribbit (D:6)
  4 snapping turtles
  5 dream sheep
  16 jumping spiders
  2 centaur simulacra (D:15)
  A shadow (D:9)
  An air elemental (Elf:1)
  6 wraiths
  12 spriggans (Lair:5)
  9 water elementals
  Sigmund (D:4)
  6 wyverns
  47 yaks
  Eustachio (D:4)
  3 fire elementals (D:13)
  3 culicivoras (Spider:2)
  Grum (D:9)
  3 steam dragons
  5 basilisks
  20 redbacks
  Menkaure (D:5)
  A death yak simulacrum (Lair:2)
  4 vampire mosquitoes (D:12)
  4 acid dragons
  4 wargs
  17 water moccasins
  5 hell hounds (D:13)
  A meliai simulacrum (D:15)
  An ice beast (D:5)
  23 orc warriors
  4 black bears
  7 ogres
  5 boggarts (Lair:5)
  23 wolves
  32 centaurs
  8 kobold brigands
  3 gnoll sergeants
  11 bullfrogs
  A necrophage (D:5)
  19 wights
  6 killer bees
  8 howler monkeys
  9 electric eels
  3 lava snakes
  17 orc priests
  3 gnoll boudas
  5 hounds
  3 jellies
  2 iguanas
  36 orc wizards
  Ijyb (D:5)
  Natasha (thrice) (D:4)
  11 hell rats
  A mummy (D:7)
  18 gnolls
  11 adders
  11 river rats (D:6)
  A shadow imp (D:7)
  2 white imps
  2 ufetubi
  2 worms
  4 dart slugs
  63 orcs
  6 ball pythons
  4 endoplasms
  7 giant cockroaches
  9 goblins
  A hobgoblin (D:4)
  A jackal (D:4)
  29 kobolds
  10 quokkas
  6 bats
  3 frilled lizards
  23 rats
954 creatures vanquished.

Vanquished Creatures (collateral kills)
  Frances (D:13)
  An orc warlord (Orc:1)
  A ghost moth (Spider:2)
  Erolcha (D:9)
  Amaemon (D:8)
  An orb spider (Spider:3)
  A deep elf archer (Elf:1)
  An orc sorcerer (Orc:2)
  2 wolf spiders
  A cyclops (Orc:2)
  A troll (D:12)
  2 orc warriors
  A centaur (D:8)
  An orc priest (Orc:2)
  5 orcs
21 creatures vanquished.

Vanquished Creatures (others)
  3 deep elf knights (Elf:1)
  An orc warrior (Elf:1)
  An ogre (D:4)
  An orc priest (D:6)
  3 adders (D:4)
  2 orcs
  A ball python (D:4)
  A bush (Lair:3)
  19 fungi
  61 plants
93 creatures vanquished.

Grand Total: 1068 creatures vanquished

Notes
Turn   | Place    | Note
-------+----------+-------------------------------------------
     0 | D:1      | ketsa the Minotaur Berserker began the quest for the Orb.
     0 | D:1      | Reached XP level 1. HP: 19/19 MP: 0/0
   324 | D:1      | Found a faded altar of an unknown god.
   408 | D:1      | Reached skill level 4 in Axes
   411 | D:1      | Reached XP level 2. HP: 27/27 MP: 1/1
   727 | D:2      | Reached XP level 3. HP: 26/33 MP: 2/2
  1240 | D:2      | Reached ** piety under Trog
  1450 | D:2      | Reached XP level 4. HP: 37/40 MP: 3/3
  1505 | D:3      | Reached skill level 5 in Axes
  1792 | D:3      | Reached skill level 1 in Shields
  2119 | D:4      | Noticed a lemure
  2120 | D:4      | Noticed Pikel
  2120 | D:4      | Noticed a lemure
  2172 | D:4      | Killed an ogre
  2211 | D:4      | Reached XP level 5. HP: 40/47 MP: 4/4
  2347 | D:4      | Noticed Natasha
  2741 | D:4      | Killed Natasha
  2751 | D:4      | Noticed a black bear
  2890 | D:4      | Reached skill level 6 in Axes
  2932 | D:4      | Found a shimmering altar of Xom.
  2998 | D:4      | Noticed Sigmund
  3008 | D:4      | Killed Sigmund
  3009 | D:4      | Reached skill level 5 in Fighting
  3009 | D:4      | Reached XP level 6. HP: 56/56 MP: 5/5
  3060 | D:4      | Noticed Natasha
  3072 | D:4      | Killed Natasha
  3298 | D:4      | Noticed Natasha
  3510 | D:4      | Found a faded altar of an unknown god.
  3530 | D:4      | Found a faded altar of an unknown god.
  3530 | D:4      | Found a hazy altar of Hepliaklqana.
  3531 | D:4      | Found a faded altar of an unknown god.
  3560 | D:4      | Killed Natasha
  3561 | D:4      | Reached XP level 7. HP: 43/61 MP: 6/6
  3743 | D:4      | Reached skill level 7 in Axes
  3871 | D:4      | Noticed Eustachio
  3891 | D:4      | Killed Eustachio
  3892 | D:4      | Reached skill level 5 in Armour
  4249 | D:5      | Entered Level 5 of the Dungeon
  4250 | D:5      | Noticed Menkaure
  4256 | D:5      | Killed Menkaure
  4381 | D:5      | Found a sparkling altar of Nemelex Xobeh.
  4381 | D:5      | Found a transporter.
  4381 | D:5      | Noticed a shadow
  4389 | D:5      | Found a transporter.
  4665 | D:5      | Reached *** piety under Trog
  4666 | D:5      | Reached skill level 8 in Axes
  4796 | D:5      | Reached XP level 8. HP: 70/70 MP: 7/7
  5125 | D:5      | Noticed Ijyb
  5135 | D:5      | Killed Ijyb
  5236 | D:6      | Noticed Prince Ribbit
  5276 | D:6      | Found a staircase to the Ecumenical Temple.
  5808 | D:6      | Reached skill level 5 in Shields
  5812 | D:6      | Reached skill level 9 in Axes
  6289 | D:6      | Killed Prince Ribbit
  6290 | D:6      | Reached skill level 10 in Axes
  6290 | D:6      | Reached XP level 9. HP: 79/79 MP: 8/8
  6868 | D:6      | Reached skill level 11 in Axes
  7164 | D:6      | Reached **** piety under Trog
  7402 | D:6      | Found Vacin's Distillery.
  7412 | D:6      | Bought a potion of curing for 42 gold pieces
  7412 | D:6      | Bought a potion of heal wounds for 70 gold pieces
  7412 | D:6      | Bought a potion of curing for 42 gold pieces
  8113 | D:7      | Identified the +2 buckler "Raont" {Str+5}
  8359 | D:7      | Reached skill level 12 in Axes
  8565 | D:8      | Noticed an orange demon
  8621 | D:8      | Noticed Amaemon
  8624 | D:8      | Killed an orange demon
  8625 | D:8      | Reached XP level 10. HP: 91/91 MP: 9/9
  8625 | D:8      | Found a snail-covered altar of Cheibriados.
  8626 | D:8      | Found a bloodstained altar of Trog.
  8626 | D:8      | Found a hide-covered altar of Uskayaw.
  8637 | D:8      | Killed Amaemon
  8638 | D:8      | Found a glowing silver altar of Zin.
  8847 | D:8      | Noticed Joseph
  8852 | D:8      | Killed Joseph
  9133 | D:8      | Noticed Gastronok
  9154 | D:8      | Reached skill level 13 in Axes
  9213 | D:8      | Killed Gastronok
  9214 | D:8      | Reached skill level 10 in Fighting
  9758 | D:9      | Found a staircase to the Orcish Mines.
  9788 | D:8      | Reached skill level 10 in Armour
  9790 | D:8      | Reached skill level 14 in Axes
  9898 | D:9      | Found a staircase to the Lair.
  9908 | Lair:1   | Entered Level 1 of the Lair of Beasts
 10241 | D:9      | Reached ***** piety under Trog
 10242 | D:9      | Reached XP level 11. HP: 101/101 MP: 10/10
 10261 | D:9      | Noticed Grum
 10282 | D:9      | Killed Grum
 10398 | D:9      | Noticed Erolcha
 10655 | D:9      | Killed Erolcha
 10656 | D:9      | Reached skill level 1 in Throwing
 10954 | D:9      | Noticed a deep elf pyromancer
 11096 | D:9      | Killed a deep elf pyromancer
 11310 | D:9      | Reached skill level 15 in Axes
 12668 | Lair:1   | Noticed a five-headed hydra
 12776 | Lair:1   | Reached XP level 12. HP: 111/112 MP: 11/11
 12865 | D:10     | Entered Level 10 of the Dungeon
 12865 | D:10     | Noticed a two-headed ogre
 12869 | D:10     | Killed a two-headed ogre
 12870 | D:10     | Reached skill level 16 in Axes
 13545 | D:10     | Noticed Erica
 13555 | D:10     | Killed Erica
 14010 | D:11     | Reached skill level 5 in Throwing
 14528 | D:11     | Identified the ring "Olled" {rPois rN+ Int-2 Dex+4}
 14566 | D:11     | Noticed a two-headed ogre
 14572 | D:11     | Killed a two-headed ogre
 15108 | D:11     | Identified the +7 whip of Suicidal Tendencies {freeze,
                  | rElec Dex+3}
 15356 | D:11     | Found Ceneprom's Book Emporium.
 15448 | D:12     | Reached skill level 17 in Axes
 16415 | D:12     | Noticed a two-headed ogre
 16420 | D:12     | Killed a two-headed ogre
 16603 | D:12     | Found Boeleroe's Assorted Antiques.
 16697 | D:12     | Noticed Nessos
 17025 | Orc:1    | Entered Level 1 of the Orcish Mines
 17031 | Orc:1    | Noticed Urug
 17313 | D:9      | Killed Urug
 17402 | Orc:1    | Noticed an orc high priest
 17413 | D:9      | Reached XP level 13. HP: 42/122 MP: 12/12
 18082 | Lair:1   | Received a gift from Trog
 18505 | Lair:2   | Reached skill level 18 in Axes
 18577 | Lair:2   | Noticed Harold
 18592 | Lair:2   | Killed Harold
 18738 | Lair:2   | Found a frozen archway.
 19323 | Lair:2   | Found a staircase to the Shoals.
 19332 | Shoals:1 | Entered Level 1 of the Shoals
 19332 | Shoals:1 | Noticed a merfolk impaler
 20437 | Lair:3   | Identified a scroll of acquirement
 20437 | Lair:3   | Acquired the amulet of Fyvimme {Reflect rF+ Int+5 Slay+6
                  | SH+5}
 21017 | Lair:3   | Reached skill level 19 in Axes
 21238 | Lair:3   | Found a hole to the Spider Nest.
 21275 | Spider:1 | Entered Level 1 of the Spider Nest
 21894 | Lair:4   | Found a viscous altar of Jiyva.
 22429 | Lair:5   | Entered Level 5 of the Lair of Beasts
 22488 | Lair:5   | Reached XP level 14. HP: 95/133 MP: 13/13
 23012 | Lair:5   | Reached skill level 20 in Axes
 23393 | Lair:5   | Reached skill level 1 in Evocations
 23604 | Lair:5   | Reached skill level 1 in Maces & Flails
 23694 | Lair:5   | Reached ****** piety under Trog
 24237 | Lair:5   | Reached skill level 15 in Fighting
 24326 | Lair:5   | Received a gift from Trog
 24658 | Lair:5   | Reached skill level 15 in Armour
 25362 | Orc:1    | Noticed an orc warlord
 25559 | Orc:1    | Killed an orc warlord
 25793 | Orc:2    | Entered Level 2 of the Orcish Mines
 26025 | Orc:2    | Found a staircase to the Elven Halls.
 26043 | Elf:1    | Entered Level 1 of the Elven Halls
 26451 | Orc:1    | Reached skill level 5 in Evocations
 26586 | Orc:2    | Identified the +6 hand axe of Foolhardiness {antimagic,
                  | Dex+6} (Trog gifted it to you on level 2 of the Orcish
                  | Mines)
 26586 | Orc:2    | Received a gift from Trog
 26903 | Orc:2    | Found Beonut's Antique Weapon Shop.
 26931 | Orc:2    | Found Nyoxt's Book Boutique.
 26956 | Orc:2    | Found a radiant altar of Vehumet.
 27071 | Orc:2    | Noticed Nergalle
 27085 | Orc:2    | Killed Nergalle
 27113 | Orc:2    | Found an ancient bone altar of Kikubaaqudgha.
 27146 | Orc:2    | Paralysed by an orc sorcerer for 4 turns
 27172 | Orc:2    | Reached XP level 15. HP: 138/141 MP: 4/14
 27251 | Orc:2    | Found Betorph's Distillery.
 27345 | Orc:2    | Found Iqu Ampa's Antique Weapon Boutique.
 27347 | Orc:2    | Bought a potion of curing for 42 gold pieces
 27347 | Orc:2    | Bought a potion of heal wounds for 70 gold pieces
 28754 | D:12     | Killed Nessos
 29315 | D:13     | Noticed Frances
 29323 | D:13     | Reached skill level 5 in Dodging
 29326 | D:13     | Killed Frances
 29467 | D:13     | Noticed Azrael
 29487 | D:13     | Killed Azrael
 29510 | D:13     | Received a gift from Trog
 30246 | D:13     | Found an ornate altar of the Wu Jian Council.
 30961 | D:14     | Noticed Snorg
 30979 | D:14     | Killed Snorg
 31573 | D:14     | Found a glowing golden altar of the Shining One.
 31732 | D:14     | Found a gate to the Vaults.
 32485 | D:14     | Identified the +8 ring mail "Siyt" {Will++ Int-4}
 32597 | D:15     | Entered Level 15 of the Dungeon
 33228 | D:15     | Reached skill level 21 in Axes
 33497 | D:15     | Reached XP level 16. HP: 143/152 MP: 5/15
 33524 | D:15     | Noticed Josephine
 33537 | D:15     | Killed Josephine
 33753 | D:15     | Received a gift from Trog
 33968 | D:15     | Found a staircase to the Depths.
 34274 | Depths:1 | Entered Level 1 of the Depths
 35772 | Shoals:1 | Found a runed translucent gate.
 36344 | Shoals:1 | Found a runed translucent gate.
 36344 | Shoals:1 | Found a runed translucent gate.
 37209 | Shoals:2 | Received a gift from Trog
 38825 | Elf:1    | Paralysed by an air elemental for 1 turns
 38904 | Elf:1    | Received a gift from Trog
 39411 | Elf:1    | Found a runed translucent gate.
 40473 | Spider:1 | Reached XP level 17. HP: 162/162 MP: 16/16
 43088 | Spider:3 | Identified the +7 kite shield of the Enfolding Gods {rElec
                  | Int+2 Dex-4}
 43088 | Spider:3 | Noticed Asterion
 43125 | Spider:3 | Killed from afar by Asterion

Illustrated notes

Levels and vault maps discovered:
D:1:      roderic_chinese_lattice_arrival, layout_rooms,
          shapermc_ecumenical_altar_pompeii
D:2:      layout_rooms
D:3:      layout_basic, serial_glass, glass_columns_a, glass_columns_b
D:4:      layout_cave_pools, xom_confusion_cloud,
          nicolae_hepliaklqana_ecumenical_no_more, gup_sewer_entry_bubbles,
          uniq_sigmund, uniq_eustachio, uniq_natasha, uniq_pikel
D:5:      layout_basic, gammafunk_temple_overflow_arena,
          kennysheep_generic_room_2, uniq_menkaure, uniq_ijyb
D:6:      lemuel_ratsnest, layout_rooms, minmay_temple_entry_proselytizer,
          serial_shops, shop, uniq_prince_ribbit1
D:7:      layout_loops_cross, gup_ossuary_entry_pyramid,
          minmay_misc_feat_secret_circle
D:8:      layout_rooms, chequers_temple_overflow_statue_of_worship,
          uniq_amaemon, uniq_joseph, uniq_gastronok
D:9:      minmay_quarter_circles, layout_loops_ring, orc_0_dummy, uniq_grum,
          uniq_erolcha
D:10:     layout_stronghold, uniq_erica
D:11:     layout_basic, serial_shops, shop, hangedman_decor_lopped
D:12:     layout_big_octagon, serial_shops, nicolae_shop_trees,
          nicolae_kite_square_tiling_tiny, serial_bayou_pond_c, uniq_nessos
D:13:     layout_roguey, kennysheep_diamond, nzn_wu_jian_contemplation,
          uniq_azrael, uniq_frances
D:14:     layout_rooms, david_vaults_2, serial_curves, eino_curves_03,
          eino_curves_03, nicolae_tso_swordbearing_angel, uniq_snorg
D:15:     grunt_enter_depths_magical_seal, layout_basic, serial_bayou_pond_b,
          uniq_josephine
Lair:1:   layout_loops_ring, nicolae_quartered_pool_super,
          nicolae_lair_liquid_snakes
Lair:2:   layout_cave_pods, minmay_shoals_entry_lonely_mermaid,
          portal_ice_cave_entry_ice_simulacra, infiniplex_staircase_pool,
          uniq_harold
Lair:3:   layout_cave_shapes, spider_nest_entry_rubble, serial_bayou_lake_a,
          lemuel_fruit_tree, infiniplex_staircase_pool_2
Lair:4:   layout_regular_city, minmay_slime_entry_oklob_enclosed,
          serial_bayou_shore_b
Lair:5:   minmay_lair_end_enchanted_forest, layout_cave_pods,
          grunt_megastairs_3, serial_bayou_shore_a
Shoals:1: layout_shoals, nicolae_shoals_beach_cooler
Shoals:2: layout_shoals, ldierk_geyser
Spider:1: layout_spider_delve, hangedman_spider_tarantella_strand
Spider:2: layout_spider_delve
Spider:3: layout_chambers, uniq_asterion
Orc:1:    layout_diamond_mine, uniq_urug
Orc:2:    kennysheep_orc_mage_school, layout_diamond_mine, basic_altar
Elf:1:    eino_elf_arrival_customs, layout_gridlike, serial_shops,
          nicolae_take_the_stairs, ebering_ghost_gozag, hangedman_elf_represent,
          corner_web_ring, nicolae_elf_glass_and_crystal_pillar_2,
          dk_noncrumbling_3, orc_legates
Depths:1: layout_gridlike, infiniplex_enter_wizlab_glasses, okawaru_trees_1,
          grunt_hell_entry_dis_mu, abyss_entry, minmay_misc_feat_x,
          kennysheep_small_circle

Skill      XL: |  1  2  3  4  5  6  7  8  9 10 11 12 13 14 15 16 17 |
---------------+----------------------------------------------------+-----
Axes           | 4 5 6 8 10 12 14 15 17 19 20 21 | 21.6
Fighting       | 4 5 6 7 9 10 11 13 14 15 16 17 | 17.9
Armour         | 3 4 5 7 8 10 11 12 14 15 16 17 | 17.8
Shields        | 1 2 3 4 5 8 9 |  9.7
Throwing       | 4 5 |  5.7
Evocations     | 5 8 9 |  9.4
Maces & Flails | 3 |  3.0
Dodging        | 4 6 7 |  7.8

Action                   |  1- 3 |  4- 6 |  7- 9 | 10-12 | 13-15 | 16-18 || total
-------------------------+-------+-------+-------+-------+-------+-------++-------
Melee: Hand axe          |    59 |    81 |       |       |   523 |    92 ||   755
       Headbutt          |     2 |    12 |    50 |   128 |   397 |   219 ||   808
       Mace              |       |    36 |    41 |       |       |       ||    77
       War axe           |       |       |   225 |   499 |       |       ||   724
       Whip              |       |       |       |   105 |   841 |   637 ||  1583
Throw: Boomerang         |       |       |     5 |       |       |       ||     5
       Dart              |       |       |     2 |     3 |    10 |     8 ||    23
Invok: Berserk           |     2 |     5 |     6 |     7 |     1 |     1 ||    22
       Trog's Hand       |       |     1 |     2 |     6 |     2 |     3 ||    14
       Brothers in Arms  |       |       |       |     3 |     4 |     6 ||    13
Evoke: Phial of floods   |       |       |       |       |       |     1 ||     1
  Use: Scroll            |     3 |     6 |     5 |     9 |     9 |     4 ||    36
       Potion            |       |     2 |     1 |     3 |     2 |    11 ||    19
 Stab: Distracted        |       |       |       |       |     2 |       ||     2
Armor: Animal skin       |    10 |     9 |       |       |       |       ||    19
       Leather armour    |       |     6 |       |       |       |       ||     6
       Ring mail         |       |    20 |    76 |    76 |       |       ||   172
       Acid dragon scale |       |       |       |   104 |   311 |   187 ||   602
Dodge: Dodged            |    37 |    62 |   129 |   235 |   314 |   275 ||  1052
Block: Kite shield       |     2 |    40 |   116 |   283 |   837 |   632 ||  1910
       Reflection        |       |       |       |       |    66 |    46 ||   112
